[Event "FICS rated blitz game"]
[Site "FICS freechess.org"]
[FICSGamesDBGameNo "20002791"]
[White "MagnusStromgren"]
[Black "bepo"]
[WhiteElo "1743"]
[BlackElo "1632"]
[WhiteRD "na"]
[BlackRD "na"]
[TimeControl "180+0"]
[Date "1999.10.19"]
[Time "05:37:00"]
[WhiteClock "0:03:00.000"]
[BlackClock "0:03:00.000"]
[ECO "D00"]
[PlyCount "51"]
[Result "1-0"]

1. d4 d5 2. Bg5 h6 3. Bh4 Nf6 4. f3 e6 5. Nd2 Be7 6. e4 dxe4 7. fxe4 a6 8. c3 O-O 9. Bd3 b5 10. Ngf3 Bb7 11. O-O Nbd7 12. e5 Nd5 13. Bf2 N7b6 14. Bc2 c5 15. Nb3 c4 16. Na5 Qc7 17. Bb1 Na4 18. Nxb7 Qxb7 19. Qc2 g6 20. Nh4 Kg7 21. Nxg6 Rg8 22. Nxe7 Nxe7 23. Qh7+ Kf8 24. g3 Nxb2 25. Be3 Rg6 26. Qxf7# {Black checkmated} 1-0

[Event "FICS rated blitz game"]
[Site "FICS freechess.org"]
[FICSGamesDBGameNo "20002790"]
[White "gwoya"]
[Black "Coquelicot"]
[WhiteElo "1839"]
[BlackElo "1759"]
[WhiteRD "na"]
[BlackRD "na"]
[TimeControl "240+0"]
[Date "1999.10.19"]
[Time "05:30:00"]
[WhiteClock "0:04:00.000"]
[BlackClock "0:04:00.000"]
[ECO "B22"]
[PlyCount "92"]
[Result "0-1"]

1. e4 c5 2. d4 cxd4 3. c3 d5 4. exd5 Qxd5 5. cxd4 Nc6 6. Nf3 e5 7. Nc3 Bb4 8. Bd2 Bxc3 9. Bxc3 e4 10. Qe2 Nf6 11. Rd1 O-O 12. Ne5 Re8 13. Qc4 Be6 14. Qxd5 Bxd5 15. Bb5 a6 16. Bxc6 bxc6 17. a3 Rab8 18. O-O Rb5 19. Rfe1 c5 20. a4 cxd4 21. axb5 dxc3 22. bxc3 axb5 23. Nd7 Bc6 24. Nxf6+ gxf6 25. Rd6 Re6 26. Rxe6 fxe6 27. g4 Kf7 28. h4 Ke7 29. Kh2 Kd6 30. Kg3 Ke5 31. g5 f5 32. f3 f4+ 33. Kg4 e3 34. h5 Be8 35. Kh4 Kd6 36. Kg4 e5 37. Kf5 Bxh5 38. Rd1+ Kc5 39. Kxe5 Bxf3 40. Re1 Kc4 41. Kxf4 Bd5 42. Rxe3 Bf7 43. Ke5 Bg6 44. Kf6 Bc2 45. Rh3 Bb1 46. Rg3 Bc2 {White forfeits on time} 0-1

[Event "FICS rated blitz game"]
[Site "FICS freechess.org"]
[FICSGamesDBGameNo "20002787"]
[White "friedl"]
[Black "Enrykov"]
[WhiteElo "1496"]
[BlackElo "1525"]
[WhiteRD "na"]
[BlackRD "na"]
[TimeControl "180+0"]
[Date "1999.10.19"]
[Time "01:55:00"]
[WhiteClock "0:03:00.000"]
[BlackClock "0:03:00.000"]
[ECO "D02"]
[PlyCount "99"]
[Result "1-0"]

1. d4 d5 2. Nf3 Bf5 3. e3 e6 4. c4 Bd6 5. Qa4+ Qd7 6. Qxd7+ Nxd7 7. c5 Be7 8. Nc3 b6 9. b4 a5 10. Nb5 Kd8 11. Bd2 axb4 12. Bxb4 bxc5 13. Bxc5 Bxc5 14. dxc5 Nxc5 15. Be2 Nd3+ 16. Bxd3 Bxd3 17. Nbd4 c5 18. Nb3 c4 19. Nc5 Bg6 20. Ne5 Ne7 21. Nb7+ Kc7 22. Nc5 Rhb8 23. O-O c3 24. Rfc1 c2 25. Nb3 Rxa2 26. Rxa2 Rxb3 27. Nxg6 Rb1 28. Rxc2+ Kd6 29. Nxe7 Rxc1+ 30. Rxc1 Kxe7 31. f4 Kf6 32. Kf2 g6 33. g4 h6 34. h4 g5 35. hxg5+ hxg5 36. fxg5+ Kxg5 37. Kg3 f5 38. Rc7 e5 39. Rg7+ Kf6 40. Rg8 Kf7 41. Ra8 Ke6 42. gxf5+ Kxf5 43. Ra5 Ke6 44. Kf3 e4+ 45. Kf4 Kd6 46. Ra6+ Kc5 47. Ra4 Kd6 48. Rd4 Kc5 49. Ke5 Kc6 50. Rxd5 {Black resigns} 1-0

[Event "FICS rated blitz game"]
[Site "FICS freechess.org"]
[FICSGamesDBGameNo "20002786"]
[White "bonavida"]
[Black "Mans"]
[WhiteElo "1453"]
[BlackElo "1787"]
[WhiteRD "na"]
[BlackRD "na"]
[TimeControl "180+0"]
[Date "1999.10.19"]
[Time "01:49:00"]
[WhiteClock "0:03:00.000"]
[BlackClock "0:03:00.000"]
[ECO "B50"]
[PlyCount "40"]
[Result "0-1"]

1. e4 c5 2. Nf3 d6 3. c3 Nf6 4. d3 Nc6 5. h3 g6 6. Bg5 Bg7 7. Be2 O-O 8. O-O a6 9. Nbd2 b5 10. a3 Bb7 11. Re1 Qb6 12. Nb3 b4 13. axb4 cxb4 14. Nbd2 Rac8 15. Rc1 a5 16. Nc4 Qa7 17. d4 Ba6 18. Qd2 Nxe4 19. Qd3 Nxg5 20. Qe3 Nxf3+ {White forfeits on time} 0-1

[Event "FICS rated blitz game"]
[Site "FICS freechess.org"]
[FICSGamesDBGameNo "20002785"]
[White "bdiller"]
[Black "jbiasevic"]
[WhiteElo "1773"]
[BlackElo "1682"]
[WhiteRD "na"]
[BlackRD "na"]
[TimeControl "180+0"]
[Date "1999.10.19"]
[Time "00:50:00"]
[WhiteClock "0:03:00.000"]
[BlackClock "0:03:00.000"]
[ECO "A29"]
[PlyCount "79"]
[Result "0-1"]

1. c4 e5 2. Nc3 Nf6 3. Nf3 Nc6 4. g3 g6 5. Bg2 Bg7 6. O-O O-O 7. d3 a6 8. Bd2 d5 9. cxd5 Nxd5 10. Rc1 Nd4 11. Nxd4 exd4 12. Ne4 Nf6 13. Nc5 Rb8 14. b4 b6 15. Nb3 Bb7 16. Bxb7 Rxb7 17. Qc2 Nd5 18. Qc6 Ra7 19. Rfe1 h5 20. h4 Bf6 21. a4 Bg7 22. a5 bxa5 23. bxa5 Ne7 24. Qc4 Nf5 25. Nc5 Be5 26. Bh6 Nxh4 27. gxh4 Qxh4 28. f4 Qg3+ 29. Kh1 Bxf4 30. Bxf4 Qxf4 31. Qd5 Qh4+ 32. Kg1 Qg3+ 33. Qg2 Qxg2+ 34. Kxg2 f5 35. Kf3 g5 36. Rg1 g4+ 37. Kf4 Raa8 38. Rc4 Rad8 39. Ne6 Rd5 40. Nxf8 {White forfeits on time} 0-1

[Event "FICS rated lightning game"]
[Site "FICS freechess.org"]
[FICSGamesDBGameNo "20002784"]
[White "TheLongOne"]
[Black "terfs"]
[WhiteElo "1941"]
[BlackElo "2191"]
[WhiteRD "na"]
[BlackRD "na"]
[TimeControl "60+0"]
[Date "1999.10.18"]
[Time "22:59:00"]
[WhiteClock "0:01:00.000"]
[BlackClock "0:01:00.000"]
[ECO "B40"]
[PlyCount "62"]
[Result "0-1"]

1. e4 c5 2. Nc3 e6 3. Nf3 a6 4. a4 Qc7 5. d4 cxd4 6. Nxd4 Nc6 7. g3 Nf6 8. Bg2 Be7 9. O-O O-O 10. f4 Nxd4 11. Be3 Nc6 12. e5 Ne8 13. f5 d5 14. f6 gxf6 15. Bh6 Nxe5 16. Bxf8 Bxf8 17. Bxd5 exd5 18. Nxd5 Qc5+ 19. Kh1 Bg7 20. b4 Qd6 21. c4 Be6 22. Qe2 Bxd5+ 23. cxd5 Qxd5+ 24. Kg1 Nd3 25. Rad1 Qd4+ 26. Kg2 Qd5+ 27. Kg1 Rd8 28. Rd2 f5 29. Rc2 Bd4+ 30. Rf2 Bxf2+ 31. Kf1 Qh1# {White checkmated} 0-1

[Event "FICS rated blitz game"]
[Site "FICS freechess.org"]
[FICSGamesDBGameNo "20002783"]
[White "Kitakawa"]
[Black "chesshack"]
[WhiteElo "1454"]
[BlackElo "1543"]
[WhiteRD "na"]
[BlackRD "na"]
[TimeControl "120+12"]
[Date "1999.10.18"]
[Time "21:44:00"]
[WhiteClock "0:02:00.000"]
[BlackClock "0:02:00.000"]
[ECO "D08"]
[PlyCount "69"]
[Result "1-0"]

1. d4 d5 2. c4 e5 3. dxe5 d4 4. e3 Nc6 5. Nf3 Bb4+ 6. Bd2 dxe3 7. fxe3 Bg4 8. Be2 Bxf3 9. Bxf3 Qh4+ 10. g3 Qxc4 11. Bxc6+ bxc6 12. a3 Qe4 13. Kf2 Bc5 14. Nc3 Qxe5 15. Qf3 Ne7 16. Ne4 O-O 17. Bc3 Qf5 18. Qxf5 Bxe3+ 19. Kxe3 Nxf5+ 20. Kf2 Rad8 21. Rad1 Nd6 22. Nxd6 cxd6 23. Rd4 c5 24. Rd5 Rfe8 25. Rhd1 Re6 26. Rxc5 Rde8 27. Rc7 Re2+ 28. Kg1 Rc2 29. Rxd6 h6 30. Rd2 Rc1+ 31. Kg2 a5 32. Bxa5 Rxc7 33. Bxc7 Kh7 34. b4 Re3 35. a4 {Black resigns} 1-0

[Event "FICS rated blitz game"]
[Site "FICS freechess.org"]
[FICSGamesDBGameNo "20002782"]
[White "Ratof"]
[Black "mater"]
[WhiteElo "1946"]
[BlackElo "1770"]
[WhiteRD "na"]
[BlackRD "na"]
[TimeControl "300+0"]
[Date "1999.10.18"]
[Time "21:35:00"]
[WhiteClock "0:05:00.000"]
[BlackClock "0:05:00.000"]
[ECO "B47"]
[PlyCount "70"]
[Result "0-1"]

1. e4 c5 2. Nf3 a6 3. d4 cxd4 4. Nxd4 e6 5. Nc3 Qc7 6. g3 Nc6 7. Bg2 Nge7 8. O-O Nxd4 9. Qxd4 Nc6 10. Qd3 Be7 11. Bf4 d6 12. Rad1 Ne5 13. Qd4 O-O 14. Rd2 b5 15. Rfd1 Bb7 16. Bxe5 dxe5 17. Qd7 Rac8 18. a3 b4 19. axb4 Bxb4 20. Qxc7 Rxc7 21. Rd7 Rxd7 22. Rxd7 Bc6 23. Rc7 Bxc3 24. Rxc6 Bxb2 25. Rxa6 Rc8 26. Bf1 h5 27. c4 Bd4 28. Kg2 Rb8 29. Be2 Rb2 30. Bxh5 Rxf2+ 31. Kh3 g6 32. Bd1 Rd2 33. Ba4 Bg1 34. Ra7 Rxh2+ 35. Kg4 Bxa7 {White resigns} 0-1

[Event "FICS rated blitz game"]
[Site "FICS freechess.org"]
[FICSGamesDBGameNo "20002781"]
[White "RomanD"]
[Black "dgilchrist"]
[WhiteElo "1258"]
[BlackElo "1539"]
[WhiteRD "na"]
[BlackRD "na"]
[TimeControl "300+0"]
[Date "1999.10.18"]
[Time "20:14:00"]
[WhiteClock "0:05:00.000"]
[BlackClock "0:05:00.000"]
[ECO "B34"]
[PlyCount "90"]
[Result "0-1"]

1. e4 c5 2. Nf3 Nc6 3. d4 cxd4 4. Nxd4 g6 5. Nxc6 bxc6 6. Qd4 Nf6 7. e5 Nd5 8. c4 Nc7 9. e6 f6 10. exd7+ Bxd7 11. Nc3 Bg7 12. g3 O-O 13. Bg2 Be6 14. Qxd8 Raxd8 15. b3 f5 16. Bb2 Na6 17. O-O Rd2 18. Rfe1 Bf7 19. Re2 Rxe2 20. Nxe2 Bxb2 21. Rb1 Bg7 22. Rd1 Nb4 23. a3 Nc2 24. a4 Nb4 25. Rd7 a5 26. Ra7 Rd8 27. h3 Rd1+ 28. Kh2 Nd3 29. Rxa5 Nxf2 30. Ra8+ Bf8 31. Rc8 Rb1 32. Rxc6 Rxb3 33. c5 Ne4 34. Bxe4 fxe4 35. Rb6 Rxb6 36. cxb6 Bd5 37. a5 Bb7 38. Nc3 e5 39. Nb5 Bb4 40. Nc7 Bxa5 41. Ne6 Bxb6 42. g4 e3 43. Kg1 e2+ 44. Kh2 e1=Q 45. Nf4 Qg1# {White checkmated} 0-1

[Event "FICS rated blitz game"]
[Site "FICS freechess.org"]
[FICSGamesDBGameNo "20002780"]
[White "Primzy"]
[Black "tuttu"]
[WhiteElo "1805"]
[BlackElo "1844"]
[WhiteRD "na"]
[BlackRD "na"]
[TimeControl "180+0"]
[Date "1999.10.18"]
[Time "19:42:00"]
[WhiteClock "0:03:00.000"]
[BlackClock "0:03:00.000"]
[ECO "A16"]
[PlyCount "86"]
[Result "0-1"]

1. c4 d6 2. Nc3 Nf6 3. Nf3 Bg4 4. g3 Qd7 5. Bg2 Bh3 6. Bxh3 Qxh3 7. Qb3 b6 8. Nb5 Qd7 9. d4 c6 10. Nc3 g6 11. Bf4 Bg7 12. O-O-O O-O 13. h4 h5 14. Ng5 Nh7 15. f3 Qd8 16. g4 Nf6 17. gxh5 Nxh5 18. Be3 Nd7 19. Rdg1 e5 20. Rg4 exd4 21. Bxd4 Ne5 22. Bxe5 dxe5 23. Rd1 Qe7 24. Nce4 Rad8 25. Ng3 Rxd1+ 26. Qxd1 Nxg3 27. Rxg3 Rd8 28. Qc2 Bh6 29. b3 Rd4 30. Kb2 Rxh4 31. Ne4 Bg7 32. Qd3 Rh2 33. Rg1 f5 34. f4 exf4+ 35. Nc3 Rxe2+ 36. Kc1 Bxc3 37. Qxc3 Qe3+ 38. Qxe3 fxe3 39. Rxg6+ Kf7 40. Rxc6 Rxa2 41. Rc7+ Kf6 42. c5 bxc5 43. Rxc5 e2 {White resigns} 0-1

[Event "FICS rated blitz game"]
[Site "FICS freechess.org"]
[FICSGamesDBGameNo "20002779"]
[White "Foom"]
[Black "Leebros"]
[WhiteElo "1387"]
[BlackElo "1257"]
[WhiteRD "na"]
[BlackRD "na"]
[TimeControl "120+12"]
[Date "1999.10.18"]
[Time "19:42:00"]
[WhiteClock "0:02:00.000"]
[BlackClock "0:02:00.000"]
[ECO "C50"]
[PlyCount "43"]
[Result "1-0"]

1. e4 e5 2. Bc4 Bc5 3. Nf3 Nc6 4. d3 Nf6 5. Nc3 d6 6. h3 O-O 7. Bg5 Be6 8. Nd5 Bxd5 9. Bxd5 Nb4 10. Bxb7 Rb8 11. Bd5 Nbxd5 12. exd5 Rxb2 13. O-O h6 14. Be3 Bxe3 15. fxe3 Nxd5 16. Qc1 Qb8 17. e4 Qb6+ 18. Kh1 Ne3 19. Re1 Nxc2 20. Re2 Nxa1 21. Rxb2 Qa6 22. Rd2 {Black forfeits on time} 1-0

[Event "FICS rated standard game"]
[Site "FICS freechess.org"]
[FICSGamesDBGameNo "20002778"]
[White "MaskedSlayer"]
[Black "dgilchrist"]
[WhiteElo "1856"]
[BlackElo "1781"]
[WhiteRD "na"]
[BlackRD "na"]
[TimeControl "1500+0"]
[Date "1999.10.18"]
[Time "19:37:00"]
[WhiteClock "0:25:00.000"]
[BlackClock "0:25:00.000"]
[ECO "E94"]
[PlyCount "55"]
[Result "1-0"]

1. Nf3 Nf6 2. d4 g6 3. c4 Bg7 4. Nc3 O-O 5. e4 d6 6. Be2 Nbd7 7. O-O e5 8. Qc2 Ng4 9. Bg5 f6 10. Bh4 g5 11. Bg3 Nh6 12. h3 f5 13. dxe5 f4 14. Bh2 dxe5 15. Rad1 Qe8 16. Nxg5 Qg6 17. Nf3 Nc5 18. Kh1 Kh8 19. b4 Ne6 20. c5 Rg8 21. Nd5 Nd4 22. Nxd4 exd4 23. Ne7 Qg5 24. Nxg8 Kxg8 25. Qb3+ Kh8 26. Qd5 Be5 27. c6 Bxh3 28. gxh3 {Black resigns} 1-0

[Event "FICS rated blitz game"]
[Site "FICS freechess.org"]
[FICSGamesDBGameNo "20002777"]
[White "RomanD"]
[Black "novi"]
[WhiteElo "1247"]
[BlackElo "1419"]
[WhiteRD "na"]
[BlackRD "na"]
[TimeControl "180+0"]
[Date "1999.10.18"]
[Time "17:33:00"]
[WhiteClock "0:03:00.000"]
[BlackClock "0:03:00.000"]
[ECO "C02"]
[PlyCount "113"]
[Result "1-0"]

1. e4 e6 2. d4 d5 3. e5 c5 4. c3 Nc6 5. Nf3 Qa5 6. Bd2 Qb6 7. Be3 Qxb2 8. Nbd2 Qxc3 9. Qb3 Qxb3 10. Nxb3 cxd4 11. Bxd4 Nxd4 12. Nfxd4 Bd7 13. Rc1 g6 14. Bb5 Bxb5 15. Nxb5 Bb4+ 16. Ke2 Kd8 17. Nc7 Rc8 18. Nb5 Rxc1 19. Rxc1 a6 20. Nd6 b5 21. Rc8+ Kd7 22. Ra8 Bxd6 23. exd6 Kxd6 24. Rxa6+ Kd7 25. Rb6 Kc7 26. Rxb5 Ne7 27. Rc5+ Kd6 28. a4 Rc8 29. Rxc8 Nxc8 30. a5 Na7 31. Kd3 Kc6 32. Kd4 Kb5 33. Ke5 Nc6+ 34. Kf6 Nxa5 35. Nd4+ Kc4 36. Nf3 d4 37. Kxf7 d3 38. Kxe6 Nb3 39. Kf6 d2 40. Nxd2+ Nxd2 41. Kg7 Ne4 42. f3 Nd2 43. Kh6 Kd4 44. Kxh7 Ke5 45. Kxg6 Kf4 46. h4 Nf1 47. h5 Ng3 48. h6 Nf5 49. h7 Nh4+ 50. Kh6 Nf5+ 51. Kg6 Nh4+ 52. Kg7 Nf5+ 53. Kg8 Nh6+ 54. Kf8 Nf5 55. h8=Q Nd6 56. g3+ Kxf3 57. Qh5+ {Black forfeits on time} 1-0

[Event "FICS rated blitz game"]
[Site "FICS freechess.org"]
[FICSGamesDBGameNo "20002776"]
[White "Orgen"]
[Black "Wortley"]
[WhiteElo "1313"]
[BlackElo "1375"]
[WhiteRD "na"]
[BlackRD "na"]
[TimeControl "300+0"]
[Date "1999.10.18"]
[Time "17:26:00"]
[WhiteClock "0:05:00.000"]
[BlackClock "0:05:00.000"]
[ECO "C41"]
[PlyCount "45"]
[Result "1-0"]

1. e4 e5 2. Nf3 d6 3. Bc4 h6 4. d3 Nf6 5. Be3 Be7 6. c3 Nc6 7. Nbd2 a6 8. Bb3 O-O 9. h3 Bd7 10. Qe2 b5 11. O-O a5 12. Nh4 a4 13. Bc2 b4 14. c4 Na5 15. b3 axb3 16. axb3 Nb7 17. f4 Rxa1 18. Rxa1 c5 19. f5 Bc6 20. Ndf3 Nd7 21. Qf2 f6 22. Ng6 Re8 23. Qg3 {Black forfeits on time} 1-0

[Event "FICS rated blitz game"]
[Site "FICS freechess.org"]
[FICSGamesDBGameNo "20002775"]
[White "cfrye"]
[Black "tennis"]
[WhiteElo "1380"]
[BlackElo "1521"]
[WhiteRD "na"]
[BlackRD "na"]
[TimeControl "180+0"]
[Date "1999.10.18"]
[Time "17:00:00"]
[WhiteClock "0:03:00.000"]
[BlackClock "0:03:00.000"]
[ECO "B22"]
[PlyCount "49"]
[Result "1-0"]

1. e4 c5 2. c3 d6 3. d4 cxd4 4. cxd4 Nf6 5. Nc3 Nc6 6. Nf3 g6 7. Bd3 Bg7 8. O-O O-O 9. Re1 Nb4 10. Be3 Nxd3 11. Qxd3 a6 12. Bg5 b5 13. Qd2 Bb7 14. d5 Bc8 15. h3 e6 16. dxe6 Bxe6 17. e5 d5 18. exf6 Bxf6 19. Bxf6 Qxf6 20. Qd4 Qf5 21. Rad1 Qh5 22. Qe5 Qh6 23. Nxd5 Bxh3 24. Nf6+ Kg7 25. Ng4+ {Black resigns} 1-0

[Event "FICS rated blitz game"]
[Site "FICS freechess.org"]
[FICSGamesDBGameNo "20002774"]
[White "LouisXVI"]
[Black "LNO"]
[WhiteElo "1591"]
[BlackElo "1529"]
[WhiteRD "na"]
[BlackRD "na"]
[TimeControl "180+0"]
[Date "1999.10.18"]
[Time "15:35:00"]
[WhiteClock "0:03:00.000"]
[BlackClock "0:03:00.000"]
[ECO "E85"]
[PlyCount "98"]
[Result "0-1"]

1. c4 Nf6 2. Nc3 g6 3. d4 Bg7 4. e4 d6 5. f3 O-O 6. Be3 e5 7. Nge2 Nh5 8. Qd2 f5 9. dxe5 dxe5 10. Qxd8 Rxd8 11. Nd5 Na6 12. O-O-O Be6 13. Nec3 c6 14. Ne7+ Kf7 15. exf5 gxf5 16. Rxd8 Rxd8 17. Bg5 Bf6 18. Bxf6 Nxf6 19. Nxf5 Bxf5 20. g4 Bg6 21. h4 h5 22. g5 Nd7 23. Bh3 Ndc5 24. Ne4 Nxe4 25. fxe4 Bxe4 26. Rf1+ Kg7 27. Be6 Rf8 28. Rd1 Nc5 29. Bh3 Rf2 30. b4 Rc2+ 31. Kb1 Rd2+ 32. Kc1 Rxd1+ 33. Kb2 Rd2+ 34. Kc1 Rxa2 35. bxc5 Rc2+ 36. Kd1 Rxc4 37. Bd7 Rxc5 38. Bc8 b6 39. Bb7 Rc2 40. Ke1 Rh2 41. Kf1 Rxh4 42. Kf2 a5 43. Ke3 Bd5 44. Bc8 a4 45. Kd3 a3 46. Kc2 a2 47. Kb2 Rh2+ 48. Ka1 Rh1+ 49. Kb2 a1=Q+ {White resigns} 0-1

[Event "FICS rated blitz game"]
[Site "FICS freechess.org"]
[FICSGamesDBGameNo "20002772"]
[White "MoonieHacker"]
[Black "Nivek"]
[WhiteElo "1382"]
[BlackElo "1187"]
[WhiteRD "na"]
[BlackRD "na"]
[TimeControl "300+12"]
[Date "1999.10.18"]
[Time "15:02:00"]
[WhiteClock "0:05:00.000"]
[BlackClock "0:05:00.000"]
[ECO "C50"]
[PlyCount "125"]
[Result "1-0"]

1. e4 e5 2. Nf3 Nc6 3. Bc4 Bc5 4. O-O Nf6 5. Ng5 O-O 6. c3 d5 7. exd5 Nxd5 8. d3 Nf6 9. b4 Be7 10. Qb3 Ng4 11. Nxf7 Rxf7 12. Bxf7+ Kh8 13. Qd1 Bg5 14. Bxg5 Qxg5 15. Bc4 Qh4 16. h3 Nh6 17. Qf3 Bf5 18. Bd5 Rf8 19. g4 Rd8 20. gxf5 Rxd5 21. Qxd5 Qxh3 22. b5 Ng4 23. Qg2 Qxg2+ 24. Kxg2 Ne7 25. Kg3 Nf6 26. c4 Nxf5+ 27. Kf3 Nd4+ 28. Kg3 Ne2+ 29. Kg2 Nf4+ 30. Kf3 Nxd3 31. Nc3 Nc5 32. Rfe1 Ncd7 33. Rad1 h6 34. Rxd7 Nxd7 35. a4 Kh7 36. c5 Nxc5 37. Rxe5 Nd3 38. Re7 h5 39. Ke3 Nb2 40. Rxc7 h4 41. Ne2 h3 42. Ng3 Kh6 43. f4 Nd1+ 44. Kf3 Nc3 45. Rxc3 a6 46. bxa6 bxa6 47. Nf5+ Kg6 48. Kg4 h2 49. Rh3 h1=Q 50. Rxh1 a5 51. Rc1 Kf6 52. Rc6+ Kf7 53. Ra6 g6 54. Nh4 g5 55. Kxg5 Kg7 56. Ra7+ Kg8 57. Kg6 Kf8 58. Rxa5 Ke8 59. Ra7 Kd8 60. f5 Ke8 61. f6 Kd8 62. f7 Kc8 63. f8=Q# {Black checkmated} 1-0

[Event "FICS rated lightning game"]
[Site "FICS freechess.org"]
[FICSGamesDBGameNo "20002770"]
[White "matsanovic"]
[Black "Koukku"]
[WhiteElo "1966"]
[BlackElo "2050"]
[WhiteRD "na"]
[BlackRD "na"]
[TimeControl "120+0"]
[Date "1999.10.18"]
[Time "10:39:00"]
[WhiteClock "0:02:00.000"]
[BlackClock "0:02:00.000"]
[ECO "C12"]
[PlyCount "29"]
[Result "1-0"]

1. e4 e6 2. d4 d5 3. Nc3 Nf6 4. Bg5 Bb4 5. e5 h6 6. Bc1 Bxc3+ 7. bxc3 Ne4 8. Qg4 g6 9. Bd3 Nxc3 10. Bxg6 Rg8 11. Bxf7+ Kxf7 12. Qh5+ Kg7 13. Bxh6+ Kh7 14. Bg5+ Kg7 15. Bxd8 {Black forfeits on time} 1-0

[Event "FICS rated blitz game"]
[Site "FICS freechess.org"]
[FICSGamesDBGameNo "20002769"]
[White "seen"]
[Black "edix"]
[WhiteElo "1572"]
[BlackElo "1760"]
[WhiteRD "na"]
[BlackRD "na"]
[TimeControl "120+12"]
[Date "1999.10.18"]
[Time "10:33:00"]
[WhiteClock "0:02:00.000"]
[BlackClock "0:02:00.000"]
[ECO "A46"]
[PlyCount "59"]
[Result "1-0"]

1. d4 Nf6 2. Bg5 e6 3. Nf3 Be7 4. e3 d5 5. Bd3 c5 6. c3 Nbd7 7. O-O b6 8. Nbd2 Bb7 9. Ne5 Nxe5 10. dxe5 Nd7 11. Bxe7 Qxe7 12. f4 f6 13. exf6 gxf6 14. e4 O-O-O 15. exd5 Bxd5 16. Ba6+ Kb8 17. Be2 Rdg8 18. Bf3 Bxf3 19. Qxf3 c4 20. a4 Nc5 21. a5 b5 22. a6 Rg6 23. Ne4 Rhg8 24. Rf2 Nd3 25. Re2 Qc7 26. f5 exf5 27. Qxf5 Qb6+ 28. Kh1 Rg4 29. Nxf6 R8g5 30. Re8+ {Black resigns} 1-0

[Event "FICS rated blitz game"]
[Site "FICS freechess.org"]
[FICSGamesDBGameNo "20002768"]
[White "borgerskolen"]
[Black "Bregg"]
[WhiteElo "1304"]
[BlackElo "1286"]
[WhiteRD "na"]
[BlackRD "na"]
[TimeControl "360+0"]
[Date "1999.10.18"]
[Time "10:24:00"]
[WhiteClock "0:06:00.000"]
[BlackClock "0:06:00.000"]
[ECO "B22"]
[PlyCount "71"]
[Result "1-0"]

1. e4 e6 2. Nf3 c5 3. c3 b6 4. d4 cxd4 5. cxd4 Bb7 6. Nc3 Nf6 7. Bd3 d5 8. e5 Ng8 9. O-O f6 10. exf6 Nxf6 11. Re1 Ne4 12. Bxe4 dxe4 13. Nxe4 Be7 14. Nc3 O-O 15. Rxe6 Bxf3 16. gxf3 Bh4 17. Qe2 Qg5+ 18. Kf1 Qf5 19. Re5 Qg6 20. Be3 Nd7 21. Re4 Rae8 22. Rxh4 Rf5 23. Rg4 Qh5 24. h4 Nf6 25. Rg5 Qxf3 26. Qxf3 Rxf3 27. Re5 Rh3 28. Rxe8+ Nxe8 29. Ke2 Rxh4 30. Rg1 Nd6 31. a3 Nf5 32. Kd3 Kf7 33. Rg5 Nd6 34. Rd5 Ke7 35. Bg5+ Ke6 36. Bxh4 {Black resigns} 1-0

[Event "FICS rated blitz game"]
[Site "FICS freechess.org"]
[FICSGamesDBGameNo "20002767"]
[White "Oric"]
[Black "PWI"]
[WhiteElo "911"]
[BlackElo "947"]
[WhiteRD "na"]
[BlackRD "na"]
[TimeControl "300+10"]
[Date "1999.10.18"]
[Time "08:10:00"]
[WhiteClock "0:05:00.000"]
[BlackClock "0:05:00.000"]
[ECO "D02"]
[PlyCount "114"]
[Result "0-1"]

1. Nf3 d5 2. d4 e6 3. a3 Nf6 4. Nc3 Nc6 5. Bg5 Ne7 6. Bxf6 gxf6 7. e3 f5 8. g3 Bg7 9. Bg2 Bd7 10. O-O c6 11. Qe1 Qa5 12. b4 Qc7 13. Qe2 a5 14. Qd3 axb4 15. axb4 O-O 16. Ng5 h6 17. Nf3 Rxa1 18. Rxa1 Nc8 19. e4 fxe4 20. Nxe4 dxe4 21. Qxe4 f5 22. Qh4 Nb6 23. Rd1 Nc4 24. Qe7 Na3 25. Ne5 Nxc2 26. Nxd7 Rf7 27. Qe8+ Bf8 28. Ne5 Re7 29. Qg6+ Bg7 30. Rc1 Nxb4 31. Rc4 Nd5 32. Bxd5 exd5 33. Rc5 Kf8 34. Qh7 Bxe5 35. Qxf5+ Ke8 36. Qg6+ Rf7 37. Qe6+ Re7 38. Qg8+ Kd7 39. dxe5 Rxe5 40. Qg4+ Kd6 41. Qg6+ Kxc5 42. Qxh6 Re1+ 43. Kg2 b5 44. Qd2 Qe7 45. Qc3+ Kd6 46. Qb4+ c5 47. Qf4+ Kc6 48. Qh6+ Re6 49. Qf4 Re4 50. Qb8 b4 51. Qa8+ Kd6 52. Qa6+ Ke5 53. Qa5 c4 54. Qb5 Kd4 55. f3 Re2+ 56. Kf1 Re1+ 57. Kf2 Qe2# {White checkmated} 0-1

[Event "FICS rated blitz game"]
[Site "FICS freechess.org"]
[FICSGamesDBGameNo "20002766"]
[White "Juliuus"]
[Black "TheCoF"]
[WhiteElo "1293"]
[BlackElo "1020"]
[WhiteRD "na"]
[BlackRD "na"]
[TimeControl "180+10"]
[Date "1999.10.18"]
[Time "06:50:00"]
[WhiteClock "0:03:00.000"]
[BlackClock "0:03:00.000"]
[ECO "C55"]
[PlyCount "41"]
[Result "1-0"]

1. e4 Nc6 2. Nf3 e5 3. Bc4 Nf6 4. O-O d5 5. exd5 Nxd5 6. Re1 Bg4 7. d4 Be7 8. dxe5 O-O 9. Qxd5 Be6 10. Qxd8 Raxd8 11. Bd3 f6 12. a3 Rd5 13. exf6 Rxf6 14. Bg5 Rxf3 15. Bxe7 Nxe7 16. gxf3 Rd6 17. Nc3 Nf5 18. Ne4 Rb6 19. Ng5 Bd7 20. Bxf5 Bxf5 21. Re8# {Black checkmated} 1-0

[Event "FICS rated blitz game"]
[Site "FICS freechess.org"]
[FICSGamesDBGameNo "20002765"]
[White "Enrykov"]
[Black "DMacintyre"]
[WhiteElo "1553"]
[BlackElo "1258"]
[WhiteRD "na"]
[BlackRD "na"]
[TimeControl "300+14"]
[Date "1999.10.18"]
[Time "02:56:00"]
[WhiteClock "0:05:00.000"]
[BlackClock "0:05:00.000"]
[ECO "D03"]
[PlyCount "59"]
[Result "1-0"]

1. d4 Nf6 2. Nf3 d5 3. Bg5 e6 4. Nbd2 Be7 5. e3 O-O 6. Bd3 Re8 7. Ne5 Nfd7 8. Bxe7 Qxe7 9. f4 Nxe5 10. fxe5 Qg5 11. Qf3 Nc6 12. h4 Qe7 13. h5 Qg5 14. h6 g6 15. O-O-O Nb4 16. Rdf1 Rf8 17. e4 Nxd3+ 18. cxd3 b6 19. Kb1 Ba6 20. Kc2 Rad8 21. Kc3 Rd7 22. a4 Rfd8 23. Nb3 dxe4 24. Qxe4 c5 25. Re1 cxd4+ 26. Kc2 Rc8+ 27. Kb1 f5 28. exf6 Qxf6 29. Rhf1 Qg5 30. Qxe6+ {Black resigns} 1-0

[Event "FICS rated blitz game"]
[Site "FICS freechess.org"]
[FICSGamesDBGameNo "20002764"]
[White "alpeck"]
[Black "Pilia"]
[WhiteElo "1204"]
[BlackElo "1416"]
[WhiteRD "na"]
[BlackRD "na"]
[TimeControl "120+12"]
[Date "1999.10.18"]
[Time "02:33:00"]
[WhiteClock "0:02:00.000"]
[BlackClock "0:02:00.000"]
[ECO "C24"]
[PlyCount "58"]
[Result "0-1"]

1. e4 e5 2. Bc4 Nf6 3. d3 c6 4. Nf3 Qc7 5. O-O d5 6. exd5 cxd5 7. Bb3 Be7 8. Re1 Nc6 9. Nc3 Be6 10. d4 e4 11. Ng5 Bd6 12. g3 Bg4 13. f3 Bxg3 14. hxg3 Qxg3+ 15. Kf1 O-O 16. fxg4 Nxg4 17. Be3 h6 18. Ngxe4 dxe4 19. Nxe4 Nxe3+ 20. Rxe3 Qxe3 21. c3 Rfe8 22. Nd6 Qf4+ 23. Kg1 Qxd6 24. Qf3 Qg6+ 25. Kf2 Re7 26. d5 Ne5 27. Qg3 Ng4+ 28. Kf3 Re3+ 29. Kf4 Qe4# {White checkmated} 0-1

[Event "FICS rated blitz game"]
[Site "FICS freechess.org"]
[FICSGamesDBGameNo "20002763"]
[White "bdiller"]
[Black "Epitaph"]
[WhiteElo "1734"]
[BlackElo "1652"]
[WhiteRD "na"]
[BlackRD "na"]
[TimeControl "180+0"]
[Date "1999.10.18"]
[Time "00:19:00"]
[WhiteClock "0:03:00.000"]
[BlackClock "0:03:00.000"]
[ECO "A21"]
[PlyCount "57"]
[Result "1-0"]

1. c4 e5 2. Nc3 Bc5 3. Nf3 Nc6 4. Nxe5 Nxe5 5. d4 Nxc4 6. dxc5 Nf6 7. e4 Ne5 8. f4 Ng6 9. Bc4 O-O 10. e5 Ne8 11. O-O d6 12. Be3 Bf5 13. exd6 cxd6 14. Qb3 b6 15. cxb6 axb6 16. Nd5 Rb8 17. Bxb6 Qh4 18. a4 Ne7 19. g3 Qh5 20. Nxe7+ Kh8 21. a5 Be4 22. Bd5 Qf3 23. Qxf3 Bxf3 24. Bxf3 Nf6 25. Nd5 Nxd5 26. Bxd5 h6 27. Rfe1 g5 28. Re7 gxf4 29. Bd4+ {Black forfeits on time} 1-0